 Dungeon Crawl Stone Soup version 0.29.0-5-ge4962eb29e (webtiles) character file.

Game seed: 7092082385134664401

84 DuloT34 the Ogre Mage (level 4, -2/45 HPs)
             Began as an Ogre Hedge Wizard on Aug 29, 2022.
             Was an Initiate of Ashenzari.
             Slain by Grinder (7 damage)
             ... on level 2 of the Dungeon.
             The game lasted 00:12:22 (6828 turns).

DuloT34 the Ogre Mage (Ogre Hedge Wizard)           Turns: 6828, Time: 00:12:22

Health: -2/45      AC:  3    Str: 14    XL:     4   Next: 46%
Magic:  4/10       EV:  9    Int: 17    God:    Ashenzari [......]
Gold:   61         SH:  0    Dex:  8    Spells: 6/12 levels left

rFire   + . .      SeeInvis .   a - +0 dagger
rCold   x . .      Faith    .   (no shield)
rNeg    . . .      Spirit   .   b - +0 robe
rPois   .          Reflect  .   c - +0 hat "Lashed With Me" {Elem, Melee} (curse)
rElec   .          Harm     .   (no cloak)
rCorr   .          Rampage  .   (gloves unavailable)
Will    .....                   (boots unavailable)
Stlth   +.........              (no amulet)
HPRegen 0.15/turn               g - ring of fire
MPRegen 0.12/turn               (no ring)

@: about to teleport
A: large, unfitting armour, tough skin 1
a: Renounce Religion, Curse Item, Shatter the Chains


You were on level 2 of the Dungeon.
You worshipped Ashenzari.
Ashenzari was noncommittal.
You visited 1 branch of the dungeon, and saw 3 of its levels.

You collected 61 gold pieces.

Inventory:

Hand Weapons
 a - a +0 dagger (weapon)
Armour
 b - a +0 robe (worn)
 c - the cursed +0 hat "Lashed With Me" (worn) {Elem, Melee}

   It has a curse which improves the following skills: Elements: Fire Magic, Ice
   Magic, Air Magic and Earth Magic.
   Melee Combat: Short Blades, Long Blades, Axes, Maces & Flails, Polearms,
   Staves and Unarmed Combat.
Jewellery
 g - a ring of fire (left hand)
Wands
 j - a wand of charming (6)
 m - a wand of flame (9)
Scrolls
 f - a scroll of immolation
 h - a scroll of magic mapping {unknown}
 k - a scroll of silence
Potions
 d - a potion of magic
 e - 3 potions of curing
 i - a potion of flight {unknown}


   Skills:
 + Level 3.4 Fighting
 - Level 1.7 Dodging
 - Level 1.4 Stealth
 + Level 4.8 Spellcasting
 + Level 1.2 Conjurations
 - Level 0.8 Summonings
 - Level 0.8 Translocations


You had 6 spell levels left.
You knew the following spells:

 Your Spells              Type           Power      Damage    Failure   Level
a - Magic Dart            Conj           32%        1d4       9%          1
b - Mephitic Cloud        Conj/Pois/Air  5%         N/A       36%         3
c - Call Imp              Summ           7%         N/A       16%         2

Your spell library contained the following spells:

 Spells                   Type           Power      Damage    Failure   Level
 Slow                     Hex            16%        N/A       14%         1
 Blink                    Tloc           14%        N/A       16%         2
 Conjure Flame            Conj/Fire      9%         6-21      32%         3


Dungeon Overview and Level Annotations

Branches:
Dungeon (3/15)

Altars:
Ashenzari

Annotations:
D:2 Grinder
D:3 Robin, Sigmund


Innate Abilities, Weirdness & Mutations

You are too large for most types of armour.
You have tough skin. (AC +1)


Message History

You hear a shout!
Casting: Magic Dart (safe; 9% risk of failure)
Confirm with . or Enter, or press ? or * to list all spells.
Okay, then.
Robin throws the goblin at you! Grinder gestures at you.
You suddenly lose the ability to move!
You stop ascending the stairs.
The goblin hits you but does no damage.
Your white imp closely misses Robin.
Robin completely misses you. The goblin completely misses you.
Your white imp closely misses Robin.
Robin hits you from afar with a +0 spear.
The hobgoblin hits you. The goblin hits you with a +0 dagger.
Your white imp barely misses Robin.
Robin hits you from afar with a +0 spear.
The hobgoblin hits you but does no damage.
The goblin hits you with a +0 dagger.
Your white imp hits Robin but does no damage.
Your magical contamination has completely faded away.
Robin throws the goblin at you! Grinder gestures at you.
You shrug off the repeated paralysis!
The goblin hits you with a +0 dagger.
Your white imp hits Robin but does no damage.
You can move again.
The goblin hits you but does no damage.
Robin roars a battlecry!
The goblin goes into a battle-frenzy!
The hobgoblin hits you but does no damage.
Grinder hits you.
You writhe in agony.
* * * LOW HITPOINT WARNING * * *
The hobgoblin barely misses you. The goblin hits you with a +0 dagger.
* * * LOW HITPOINT WARNING * * *
Your white imp completely misses Robin.
You climb upwards.
There is a stone staircase leading down, spattered with blood here.
As you read the scroll of teleportation, it crumbles to dust.
You feel strangely unstable. The goblin hits you with a +0 club.
* * * LOW HITPOINT WARNING * * *
The hobgoblin hits you but does no damage.
Grinder hits you!
You die...

#.##.###.############
#<# ##.# ##.##.#
#............# #.# ###
##.#.#.###......#####.#
#.# #.###.#...#####.#
#.# #.## ##.#..###.#
#.#####.# #..# ##.#.#
#.# #...)...# ##.#
###.# #.# #..######
#.#### #.# #.# #5g#
##....## ### #.#
#.#####g@# #..##...
..###.###....##gg#
##.....#.
#................#
#..###...
#####.######.###.#
#..#.#... #.# #.# #.#
#.##.##). #.# #.# #.#
#.#...#.. #.# #.# #.#
###..###... #.# #.# #.#
#...#...#).
#.######.###.#
#.#.##.##.#


You could see Grinder, 2 hobgoblins and 2 goblins.

Vanquished Creatures
  2 adders (D:2)
  2 worms (D:2)
  A dart slug (D:1)
  4 ball pythons
  5 bats
  7 endoplasms
  2 giant cockroaches
  11 goblins
  3 hobgoblins
  4 jackals (D:2)
  2 quokkas
  5 frilled lizards
  A kobold (D:2)
  4 rats
53 creatures vanquished.

Notes
Turn   | Place    | Note
-------+----------+-------------------------------------------
     0 | D:1      | DuloT34 the Ogre Hedge Wizard began the quest for the Orb.
     0 | D:1      | Reached XP level 1. HP: 16/16 MP: 5/5
   182 | D:1      | Reached skill level 1 in Fighting
   346 | D:1      | Reached XP level 2. HP: 27/27 MP: 0/6
   516 | D:1      | Reached skill level 4 in Spellcasting
   866 | D:1      | Found a faded altar of an unknown god.
   883 | D:1      | Prayed at the altar of an unknown god.
   883 | D:1      | Became a worshipper of Ashenzari the Shackled
  1765 | D:2      | Reached XP level 3. HP: 31/36 MP: 1/8
  2729 | D:2      | Reached XP level 4. HP: 43/45 MP: 1/10
  2733 | D:2      | Learned a level 3 spell: Mephitic Cloud
  2739 | D:2      | Reached skill level 1 in Conjurations
  3359 | D:3      | Noticed Sigmund
  3422 | D:3      | Noticed Robin
  6814 | D:2      | Learned a level 2 spell: Call Imp
  6820 | D:3      | Noticed Grinder
  6821 | D:3      | Paralysed by Grinder for 5 turns
  6828 | D:2      | Slain by Grinder

Illustrated notes

Levels and vault maps discovered:
D:1:      giann_horns, layout_basic, hellmonk_ecumenical_altar_arch_garden
D:2:      layout_loops_ring, minmay_ruptured
D:3:      layout_basic, uniq_grinder, uniq_sigmund, uniq_robin

Skill      XL: |  1  2  3  4 |
---------------+-------------+-----
Fighting       | 1 2 3 |  3.4
Spellcasting   | 4 |  4.8
Conjurations   | 1 |  1.2
Dodging        | |  1.7
Stealth        | |  1.4
Summonings     | |  0.8
Translocations | |  0.8

Action                   |  1- 3 |  4- 6 || total
-------------------------+-------+-------++-------
Melee: Dagger            |    47 |    76 ||   123
       Punch             |       |     1 ||     1
 Cast: Magic Dart        |    97 |    94 ||   191
       Mephitic Cloud    |       |     5 ||     5
       Call Imp          |       |     1 ||     1
Invok: Curse Item        |     1 |       ||     1
  Use: Scroll            |     3 |     4 ||     7
Armor: Robe              |    16 |    34 ||    50
Dodge: Dodged            |    32 |    53 ||    85
